 Dungeon Crawl Stone Soup version 0.24.0-37-gcf1ca852f1 (webtiles) character file.

Game seed: 4828192617446757199, levelgen mode: deterministic

3908 FishyPogo the Magician (level 10, -3/77 HPs)
             Began as a Gnoll Skald on Dec 7, 2019.
             Was a Priest of Makhleb.
             Slain by a two-headed ogre
             ... wielding a +0 giant spiked club
              (8 damage)
             ... on level 6 of the Dungeon.
             The game lasted 00:24:48 (5430 turns).

FishyPogo the Magician (Gnoll Skald)                Turns: 5430, Time: 00:24:50

Health: -3/77      AC: 12    Str: 15    XL:     10   Next: 20%
Magic:  12/29      EV: 13    Int: 15    God:    Makhleb [***...]
Gold:   228        SH:  0    Dex: 17    Spells: 9/23 levels left

rFire    + . .     SeeInvis .   a - +8 quarterstaff (chaos)
rCold    + + .     Gourm    .   (shield currently unavailable)
rNeg     . . .     Faith    .   A - +2 scale mail {rC+}
rPois    .         Spirit   .   (no helmet)
rElec    .         Reflect  .   z - scarf {rC+ rF+}
rCorr    .         Harm     .   p - +2 pair of gloves
MR       +....                  (no boots)
Stlth    ++........             (no amulet)
HPRegen  0.22/turn              m - ring of protection from magic
MPRegen  0.21/turn              q - ring of magical power

@: infused (expiring), singing (expiring), very slightly contaminated
A: distributed training, fangs 1, strong nose
a: Minor Destruction, Lesser Servant of Makhleb, Renounce Religion


You were on level 6 of the Dungeon.
You worshipped Makhleb.
Makhleb was most pleased with you.
You were not hungry.

You visited 1 branch of the dungeon, and saw 7 of its levels.

You collected 228 gold pieces.

Inventory:

Hand Weapons
 a - a +8 quarterstaff of chaos (weapon)
Missiles
 g - 232 stones (quivered)
 u - 43 poisoned darts
 y - a throwing net
 C - 3 boomerangs
Armour
 h - the +5 chain mail of Tempters {rElec}
   (You found it on level 6 of the Dungeon)

   It insulates you from electricity.
 p - a +2 pair of gloves (worn)
 z - a scarf of resistance (worn)
 A - a +2 scale mail of cold resistance (worn)
Jewellery
 m - a ring of protection from magic (left hand)
 q - a ring of magical power (right hand)
Wands
 t - a wand of clouds (4)
 B - a wand of random effects (23)
Scrolls
 b - a scroll of blinking {unknown}
 c - a scroll of remove curse
 i - 3 scrolls of teleportation
 j - 6 scrolls of identify
 k - 2 scrolls of fear {unknown}
 o - a scroll of magic mapping
 v - a scroll of vulnerability {unknown}
Potions
 e - 4 potions of curing
 f - a potion of berserk rage {unknown}
 l - a potion of resistance {unknown}
 n - 3 potions of might
 r - a potion of magic {unknown}
 s - a potion of mutation {unknown}
 x - 2 potions of agility {unknown}
 E - a potion of lignification {unknown}
 H - a potion of haste {unknown}
Comestibles
 d - 9 rations
 w - 3 chunks of flesh


   Skills:
 + Level 6.8 Fighting
 + Level 5.0 Short Blades
 + Level 6.8 Long Blades
 + Level 5.0 Axes
 + Level 5.0 Maces & Flails
 + Level 5.0 Polearms
 + Level 5.0 Staves
 + Level 5.0 Slings
 + Level 5.0 Bows
 + Level 5.0 Crossbows
 + Level 5.0 Throwing
 + Level 5.6 Armour
 + Level 6.8 Dodging
 + Level 5.0 Stealth
 + Level 5.0 Shields
 + Level 5.0 Unarmed Combat
 + Level 7.1 Spellcasting
 + Level 4.1 Conjurations
 + Level 4.1 Hexes
 + Level 6.9 Charms
 + Level 4.1 Summonings
 + Level 4.1 Necromancy
 + Level 4.1 Translocations
 + Level 4.1 Transmutations
 + Level 4.1 Fire Magic
 + Level 4.1 Ice Magic
 + Level 4.1 Air Magic
 + Level 4.1 Earth Magic
 + Level 4.1 Poison Magic
 + Level 5.4 Invocations
 + Level 5.0 Evocations


You had 9 spell levels left.
You knew the following spells:

 Your Spells              Type           Power        Failure   Level  Hunger
c - Confuse               Hex            ###.....     26%         3    ##.....
h - Regeneration          Chrm/Necr      ###.......   14%         3    ##.....
n - Spectral Weapon       Hex/Chrm       ###.....     14%         3    ##.....
p - Shroud of Golubria    Chrm/Tloc      ###...       7%          2    None
u - Song of Slaying       Chrm           ####....     4%          2    None
y - Infusion              Chrm           ####         2%          1    None

Your spell library contained the following spells:

 Spells                   Type           Power        Failure   Level  Hunger
 Confusing Touch          Hex            ###...       9%          1    None
 Gell's Gravitas          Tloc           ###.......   26%         3    ##.....
 Petrify                  Tmut/Erth      ###.....     63%         4    ####...
 Metabolic Englaciation   Hex/Ice        ###.......   93%         5    #####..
 Yara's Violent Unravell  Hex/Tmut       ###.......   93%         5    #####..


Dungeon Overview and Level Annotations

Branches:
Dungeon (7/15)             Temple (0/1) D:6

Altars:
Ashenzari
Elyvilon
Gozag
Makhleb
Sif Muna
Trog
Xom
Yredelemnul
The Shining One

Shops:
D:6 !


Innate Abilities, Weirdness & Mutations

Your experience applies equally to all skills.
You have very sharp teeth.
Your uncanny sense of smell can sniff out nearby items.


Message History

The water moccasin closely misses you.
Unknown command.
You sock the hound skeleton!!
The hound skeleton is almost destroyed.
Your song is almost over.
Your spectral weapon hits the hound skeleton!
You destroy the hound skeleton!
Makhleb accepts your kill.
You feel better. The water moccasin misses you.
The two-headed ogre hits you with a +0 giant spiked club!
The two-headed ogre completely misses you.
The water moccasin bites you but does no damage.
You miss the water moccasin.
Your spectral weapon hits the water moccasin!
The water moccasin is poisoned.
The water moccasin bites you but does no damage.
The two-headed ogre hits you with a +0 giant spiked club!!
* * * LOW HITPOINT WARNING * * *
The two-headed ogre hits you with a +0 giant spiked club!
You die...

#..[......#∆∆∆∆#.⌠
#.........#∆∆∆∆#..
#.[.......+∆∆∆∆###
#(........#∆∆∆∆*,,
#.........#∆∆∆∆*,,
#.........#∆∆∆∆*,,
#.........#∆∆∆∆*,,
#'#########*****+*
#@(......,*8,,,,,,
#OS......,*,,,,,,,
#$.......,*,,,,,,,
#........,+,,,,,,,
#########*********


You could see a two-headed ogre, a water moccasin and a friendly spectral +8
quarterstaff of chaos.

Vanquished Creatures
  Pikel (D:6)
  A manticore (D:7)
  Prince Ribbit (D:6)
  A troll (D:6)
  Grinder (D:5)
  2 hippogriffs
  Edmund (D:4)
  An ice beast (D:6)
  4 slaves (D:6)
  A necrophage (D:7)
  A phantom (D:4)
  A centaur (D:6)
  6 ogres
  A big kobold (D:6)
  A bullfrog (D:6)
  A water moccasin skeleton (D:7)
  2 scorpions
  An electric eel (D:6)
  A howler monkey (D:5)
  2 crimson imps (D:5)
  A quasit (D:5)
  Crazy Yiuf (D:6)
  2 orc priests
  A gnoll shaman (D:6)
  2 iguanas
  3 orc wizards (D:5)
  6 worker ants
  A killer bee zombie (D:5)
  2 hound skeletons (D:6)
  4 gnolls (D:7)
  11 adders
  2 shadow imps
  3 oozes
  An adder zombie (D:6)
  An adder skeleton (D:4)
  5 worms
  2 leopard geckos
  13 orcs
  5 giant cockroaches
  6 hobgoblins
  2 jackals (D:3)
  2 quokkas
  2 ball pythons
  4 bats
  10 frilled lizards
  A giant cockroach zombie (D:6)
  11 goblins
  A jackal zombie (D:6)
  17 kobolds
  A leopard gecko skeleton (D:4)
  A quokka skeleton (D:6)
  10 rats
165 creatures vanquished.

Vanquished Creatures (others)
  5 dream sheep (D:7)
  A spectral weapon (D:6)
6 creatures vanquished.

Grand Total: 171 creatures vanquished

Notes
Turn   | Place    | Note
-------+----------+-------------------------------------------
     0 | D:1      | FishyPogo the Gnoll Skald began the quest for the Orb.
     0 | D:1      | Reached XP level 1. HP: 20/20 MP: 6/6
   210 | D:1      | Reached XP level 2. HP: 25/26 MP: 7/7
   223 | D:1      | Learned a level 2 spell: Song of Slaying
   226 | D:1      | Learned a level 2 spell: Shroud of Golubria
   468 | D:1      | Reached XP level 3. HP: 31/31 MP: 9/9
   500 | D:1      | Reached skill level 5 in Spellcasting
   843 | D:2      | Found a bloodstained altar of Trog.
   849 | D:2      | Found a burning altar of Makhleb.
   852 | D:2      | Found a shattered altar of Ashenzari.
   859 | D:2      | Became a worshipper of Makhleb the Destroyer
   989 | D:2      | Reached skill level 1 in Invocations
  1063 | D:2      | Reached skill level 1 in Short Blades
  1063 | D:2      | Reached skill level 1 in Axes
  1063 | D:2      | Reached skill level 1 in Maces & Flails
  1063 | D:2      | Reached skill level 1 in Polearms
  1063 | D:2      | Reached skill level 1 in Staves
  1063 | D:2      | Reached skill level 1 in Slings
  1063 | D:2      | Reached skill level 1 in Bows
  1063 | D:2      | Reached skill level 1 in Crossbows
  1063 | D:2      | Reached skill level 1 in Throwing
  1063 | D:2      | Reached skill level 1 in Stealth
  1063 | D:2      | Reached skill level 1 in Shields
  1063 | D:2      | Reached skill level 1 in Unarmed Combat
  1063 | D:2      | Reached skill level 1 in Evocations
  1158 | D:2      | Reached XP level 4. HP: 28/38 MP: 7/11
  1214 | D:2      | Learned a level 3 spell: Regeneration
  1218 | D:2      | Learned a level 3 spell: Spectral Weapon
  1789 | D:3      | Reached skill level 1 in Conjurations
  1789 | D:3      | Reached skill level 1 in Hexes
  1789 | D:3      | Reached skill level 1 in Summonings
  1789 | D:3      | Reached skill level 1 in Necromancy
  1789 | D:3      | Reached skill level 1 in Translocations
  1789 | D:3      | Reached skill level 1 in Transmutations
  1789 | D:3      | Reached skill level 1 in Fire Magic
  1789 | D:3      | Reached skill level 1 in Ice Magic
  1789 | D:3      | Reached skill level 1 in Air Magic
  1789 | D:3      | Reached skill level 1 in Earth Magic
  1789 | D:3      | Reached skill level 1 in Poison Magic
  2106 | D:3      | Reached XP level 5. HP: 36/43 MP: 6/12
  2245 | D:3      | Reached * piety under Makhleb
  2424 | D:3      | Found a shimmering blue altar of Sif Muna.
  2668 | D:4      | Noticed an ogre
  2676 | D:4      | Killed an ogre
  2700 | D:4      | Noticed an ogre
  2799 | D:4      | Noticed an ogre
  2809 | D:4      | Killed an ogre
  2809 | D:4      | Reached XP level 6. HP: 46/50 MP: 5/14
  2877 | D:4      | Reached skill level 5 in Fighting
  2877 | D:4      | Reached skill level 5 in Long Blades
  2877 | D:4      | Reached skill level 5 in Dodging
  2889 | D:4      | Found a white marble altar of Elyvilon.
  3126 | D:4      | Noticed a phantom
  3174 | D:4      | Killed a phantom
  3174 | D:4      | Reached XP level 7. HP: 39/56 MP: 8/15
  3178 | D:5      | Entered Level 5 of the Dungeon
  3367 | D:4      | Noticed Edmund
  3388 | D:4      | Killed Edmund
  3744 | D:5      | Reached XP level 8. HP: 61/63 MP: 8/16
  3840 | D:5      | HP: 3/63 [poisoned by an orc wizard]
  3840 | D:5      | Reached ** piety under Makhleb
  3920 | D:5      | Noticed a hippogriff
  3932 | D:5      | Reached skill level 6 in Spellcasting
  3946 | D:5      | Killed a hippogriff
  3971 | D:5      | Noticed Grinder
  4071 | D:5      | Killed Grinder
  4407 | D:6      | Found Ecoaleuna's Distillery.
  4408 | D:6      | Found a staircase to the Ecumenical Temple.
  4423 | D:6      | Learned a level 3 spell: Confuse
  4429 | D:6      | Reached XP level 9. HP: 67/69 MP: 9/18
  4431 | D:6      | Noticed Pikel
  4445 | D:6      | Killed Pikel
  4572 | D:6      | Reached skill level 5 in Armour
  4640 | D:6      | Found a runed translucent door.
  4641 | D:6      | Noticed Crazy Yiuf
  4651 | D:6      | Killed Crazy Yiuf
  4799 | D:6      | Found an opulent altar of Gozag.
  4853 | D:6      | Got a faintly humming chain mail
  4864 | D:6      | Identified the +5 chain mail of Tempters {rElec} (You found
                  | it on level 6 of the Dungeon)
  4966 | D:6      | Found a glowing golden altar of the Shining One.
  4968 | D:6      | Noticed an angel
  4975 | D:6      | Found a basalt altar of Yredelemnul.
  4977 | D:6      | Noticed a profane servitor
  5034 | D:7      | Noticed a manticore
  5047 | D:7      | HP: 3/71 [manticore (11)]
  5049 | D:7      | Killed a manticore
  5049 | D:7      | Reached skill level 5 in Invocations
  5072 | D:7      | HP: 2/69 [gnoll/+0 halberd (5)]
  5077 | D:7      | HP: 1/71 [gnoll/cursed +0 spear (3)]
  5131 | D:7      | Reached *** piety under Makhleb
  5135 | D:7      | Reached XP level 10. HP: 58/77 MP: 0/20
  5214 | D:7      | Found a shimmering altar of Xom.
  5365 | D:6      | Reached skill level 7 in Spellcasting
  5375 | D:6      | Noticed Prince Ribbit
  5386 | D:6      | Killed Prince Ribbit
  5421 | D:6      | Noticed a two-headed ogre
  5425 | D:6      | Reached skill level 5 in Short Blades
  5425 | D:6      | Reached skill level 5 in Axes
  5425 | D:6      | Reached skill level 5 in Maces & Flails
  5425 | D:6      | Reached skill level 5 in Polearms
  5425 | D:6      | Reached skill level 5 in Staves
  5425 | D:6      | Reached skill level 5 in Slings
  5425 | D:6      | Reached skill level 5 in Bows
  5425 | D:6      | Reached skill level 5 in Crossbows
  5425 | D:6      | Reached skill level 5 in Throwing
  5425 | D:6      | Reached skill level 5 in Stealth
  5425 | D:6      | Reached skill level 5 in Shields
  5425 | D:6      | Reached skill level 5 in Unarmed Combat
  5425 | D:6      | Reached skill level 5 in Evocations
  5430 | D:6      | Slain by a two-headed ogre

Levels and vault maps discovered:
D:1:      evilmike_arrival_hilbert_curve, layout_rooms, kennysheep_boxes
D:2:      layout_loops_corners, minmay_overflow_temple_star_quad
D:3:      layout_basic, nicolae_overflow_crystal_walls, first_ration,
          solitary_fountain
D:4:      layout_loops_ring, grunt_ministairs_11, st_stairs_10,
          elyvilon_altar_3, uniq_edmund
D:5:      layout_loops_cross, uniq_grinder
D:6:      minmay_klotski, layout_basic, grunt_temple_overflow_holy_war,
          grunt_gozag_statues, minmay_temple_entry_mist, serial_shops, shop,
          fountainhead, minmay_stone_trees_small,
          minmay_fractal_squares_gapless_5, uniq_pikel, uniq_prince_ribbit1,
          uniq_crazy_yiuf_cottage
D:7:      layout_basic, kb_xom_exploding_sheep, uniq_duvessa

Skill      XL: |  1  2  3  4  5  6  7  8  9 10 |
---------------+-------------------------------+-----
Spellcasting   | 5 6 7 |  7.1
Invocations    | 1 2 3 4 5 |  5.4
Short Blades   | 1 2 3 4 5 |  5.0
Axes           | 1 2 3 4 5 |  5.0
Maces & Flails | 1 2 3 4 5 |  5.0
Polearms       | 1 2 3 4 5 |  5.0
Staves         | 1 2 3 4 5 |  5.0
Slings         | 1 2 3 4 5 |  5.0
Bows           | 1 2 3 4 5 |  5.0
Crossbows      | 1 2 3 4 5 |  5.0
Throwing       | 1 2 3 4 5 |  5.0
Stealth        | 1 2 3 4 5 |  5.0
Shields        | 1 2 3 4 5 |  5.0
Unarmed Combat | 1 2 3 4 5 |  5.0
Evocations     | 1 2 3 4 5 |  5.0
Conjurations   | 1 2 3 4 |  4.1
Hexes          | 1 2 3 4 |  4.1
Summonings     | 1 2 3 4 |  4.1
Necromancy     | 1 2 3 4 |  4.1
Translocations | 1 2 3 4 |  4.1
Transmutations | 1 2 3 4 |  4.1
Fire Magic     | 1 2 3 4 |  4.1
Ice Magic      | 1 2 3 4 |  4.1
Air Magic      | 1 2 3 4 |  4.1
Earth Magic    | 1 2 3 4 |  4.1
Poison Magic   | 1 2 3 4 |  4.1
Armour         | 3 4 5 |  5.6
Fighting       | 5 6 |  6.8
Long Blades    | 5 6 |  6.8
Dodging        | 5 6 |  6.8
Charms         | 6 |  6.9

Action                   |  1- 3 |  4- 6 |  7- 9 | 10-12 || total
-------------------------+-------+-------+-------+-------++-------
Melee: Falchion          |    87 |   170 |   214 |       ||   471
       Bite              |     9 |    30 |    38 |     5 ||    82
       Punch             |       |     3 |     3 |       ||     6
       Quarterstaff      |       |       |    41 |    32 ||    73
Throw: Stone             |       |     4 |     1 |       ||     5
 Cast: Infusion          |     2 |    10 |    12 |     2 ||    26
       Song of Slaying   |     1 |     2 |     8 |     3 ||    14
       Shroud of Golubri |       |     5 |     7 |     2 ||    14
       Regeneration      |       |     4 |    11 |       ||    15
       Spectral Weapon   |       |     3 |    12 |     2 ||    17
       Confuse           |       |       |     2 |       ||     2
  Use: Potion            |       |       |     4 |       ||     4
       Scroll            |       |       |     9 |     2 ||    11
 Stab: Sleeping          |       |     5 |     2 |       ||     7
       Distracted        |       |       |     4 |       ||     4
       Petrified         |       |       |     1 |       ||     1
       Paralysed         |       |       |     1 |       ||     1
  Eat: Chunk             |     1 |     7 |     7 |       ||    15
       Ration            |       |       |     1 |       ||     1
Armor: Leather armour    |    19 |    36 |    59 |       ||   114
       Scale mail        |       |       |    28 |    24 ||    52
Dodge: Dodged            |    56 |   109 |   252 |    24 ||   441
       Rpst.: Falchion   |    21 |    34 |    42 |       ||    97
